 Dungeon Crawl Stone Soup version 0.29-a0-251-g80730f7218 (webtiles) character file.

Game seed: 15538681107195376779

74 bande the Covered (level 4, -3/28 HPs)
             Began as a Gargoyle Fighter on Mar 6, 2022.
             Killed by divine providence
             ... invoked by an orc priest
              (14 damage)
             ... on level 3 of the Dungeon.
             The game lasted 00:03:13 (2305 turns).

bande the Covered (Gargoyle Fighter)                Turns: 2305, Time: 00:03:14

Health: -3/28      AC: 14    Str: 19    XL:     4   Next: 28%
Magic:  4/4        EV:  7    Int: 15    God:
Gold:   100        SH:  4    Dex: 11    Spells: 3/3 levels left

rFire   . . .      SeeInvis .   a - +1 war axe
rCold   . . .      Faith    .   c - +0 buckler
rNeg    + . .      Spirit   .   m - +0 chain mail
rPois   ∞          Reflect  .   l - +0 helmet
rElec   +          Harm     .   (no cloak)
rCorr   +          Rampage  .   (no gloves)
Will    .....                   (no boots)
Stlth   ..........              (no amulet)
HPRegen 0.09/turn               f - ring of resist corrosion
MPRegen 0.09/turn               i - +6 ring of intelligence

@: no status effects
A: sickness immunity, AC +3, negative energy resistance 1, electricity
resistance, torment resistance 1, petrification resistance
a: no special abilities


You were on level 3 of the Dungeon.
You visited 1 branch of the dungeon, and saw 3 of its levels.

You collected 100 gold pieces.

Inventory:

Hand Weapons
 a - a +1 war axe (weapon)
Armour
 c - a +0 buckler (worn)
 h - a +2 ring mail of cold resistance
 l - a +0 helmet (worn)
 m - a +0 chain mail (worn)
Jewellery
 f - a ring of resist corrosion (left hand)
 i - a +6 ring of intelligence (right hand)
Scrolls
 o - a scroll of blinking
Potions
 b - a potion of brilliance {unknown}
 d - a potion of might
 e - a potion of mutation {unknown}
 g - a potion of curing {unknown}
 j - a potion of ambrosia {unknown}
 k - a potion of cancellation {unknown}
 n - a potion of flight {unknown}


   Skills:
 + Level 3.5 Fighting
 + Level 3.1 Axes
 + Level 4.0 Armour
 - Level 0.2 Stealth
 + Level 3.5 Shields


You had 3 spell levels left.
You didn't know any spells.
Your spell library contained the following spells:

 Spells                   Type           Power      Damage    Failure   Level
 Animate Skeleton         Necr           0%         N/A       98%         1
 Pain                     Necr           0%         1d4       98%         1
 Vampiric Draining        Necr           0%         2d6       100%        3


Dungeon Overview and Level Annotations

Branches:
Dungeon (3/15)

Altars:
Hepliaklqana


Innate Abilities, Weirdness & Mutations

You are immune to sickness and miasma.
Your stone body is resilient. (AC +3)
You are immune to poison.
You resist negative energy. (rN+)
You are resistant to electric shocks. (rElec)
You are resistant to unholy torment.
You are immune to petrification.


Message History

You kill the jackal!
The jackal bites you but does no damage.
You closely miss the jackal. The jackal barely misses you.
An orc comes into view. It is wielding a +0 short sword.
The jackal bites you but does no damage.
You slash the jackal!
You kill the jackal!
The orc hits you with a +0 vampiric whip.
You hit the orc but do no damage.
An orc comes into view. It is wielding a +0 club.
The orc hits you but does no damage.
You barely miss the orc. You block the orc's attack.
An orc comes into view. It is wielding a +0 dagger.
You block the orc's attack.
You closely miss the orc. The orc hits you but does no damage.
An orc priest comes into view. It is wielding a +0 trident.
You closely miss the orc.
The orc hits you with a +0 vampiric whip.
The orc priest calls down the wrath of Beogh upon you.
Beogh smites you!
You are too injured to fight recklessly!
You are too injured to fight recklessly!
You are too injured to fight recklessly!
You are too injured to fight recklessly!
You are too injured to fight recklessly!
You are too injured to fight recklessly!
You are too injured to fight recklessly!
You are too injured to fight recklessly!
You are too injured to fight recklessly!
You slash the orc!
You kill the orc!
You closely miss the orc. The orc hits you but does no damage.
You block the orc's attack.
You closely miss the orc. The orc barely misses you.
You slash the orc!
You kill the orc!
The orc priest calls down the wrath of Beogh upon you.
Beogh smites you!
Ouch! That really hurt!
You die...

.............<...<...
........†............
..............##....#
##.#....<.....$......
#...#.####†##....#
#...#.# #†##.##.##
#...#.# #.........
#...#.# #.........
......# ##@#.##.#
.##.##.# #o#... #.#
.o# ##.# ..o# # #....
##.## #$ #.


You could see an orc priest and 2 orcs.

Vanquished Creatures
  An adder (D:2)
  2 worms
  2 dart slugs
  3 orcs
  2 ball pythons
  6 endoplasms
  4 giant cockroaches
  3 hobgoblins (D:2)
  6 jackals
  2 quokkas
  5 bats
  3 frilled lizards
  3 goblins
  3 kobolds
  3 rats (D:2)
48 creatures vanquished.

Notes
Turn   | Place    | Note
-------+----------+-------------------------------------------
     0 | D:1      | bande the Gargoyle Fighter began the quest for the Orb.
     0 | D:1      | Reached XP level 1. HP: 14/14 MP: 1/1
   145 | D:1      | Reached XP level 2. HP: 17/19 MP: 2/2
   606 | D:1      | Found a faded altar of an unknown god.
  1189 | D:2      | Reached XP level 3. HP: 23/23 MP: 3/3
  1295 | D:2      | Found a hazy altar of Hepliaklqana.
  1985 | D:2      | Reached XP level 4. HP: 26/28 MP: 4/4
  2293 | D:3      | Reached skill level 4 in Armour
  2305 | D:3      | Killed from afar by an orc priest

Illustrated notes

Levels and vault maps discovered:
D:1:      dpeg_arrival_tiny_f, layout_loops_corners,
          ebering_ecumenical_altar_webs, minmay_misc_feat_tower,
          minmay_tree_intersection
D:2:      layout_loops_cross, basic_altar, nicolae_elevator_lobby_plus
D:3:      layout_loops_cross

Skill      XL: |  1  2  3  4 |
---------------+-------------+-----
Axes           | 2 3 |  3.1
Armour         | 4 |  4.0
Fighting       | |  3.5
Stealth        | |  0.2
Shields        | |  3.5

Action                   |  1- 3 |  4- 6 || total
-------------------------+-------+-------++-------
Melee: War axe           |    89 |    30 ||   119
  Use: Scroll            |     4 |       ||     4
Armor: Scale mail        |    44 |       ||    44
       Chain mail        |     9 |    14 ||    23
Dodge: Dodged            |    32 |     5 ||    37
Block: Buckler           |    16 |    13 ||    29

Table legend: (Time is in decaauts)
 A = Elapsed time spent in this place.
 B = Non-inter-level travel time spent in this place.
 C = Inter-level travel time spent in this place.
 D = Time resting spent in this place.
 E = Time spent auto-exploring this place.
 F = Levels seen in this place.
 G = Mean time per level.
                   A        B        C        D        E       F      G
               +--------+--------+--------+--------+--------+-----+--------+
         Total |   2352 |   2340 |     12 |      0 |   1925 |   3 |  784.0 |
       Dungeon |   2352 |   2340 |     12 |      0 |   1925 |   3 |  784.0 |
               +--------+--------+--------+--------+--------+-----+--------+

Top non-repeatable levels by time:
     D:2: 1293 daAuts
     D:1: 1009 daAuts
     D:3: 49 daAuts
